% Time on Ice - OAKLAND GORILLAS
Lines # - Real PCT - Wanted PCT - Time Play
Normal Forward
1 - 28% - 31% - 13:14
2 - 31% - 30% - 14:15
3 - 29% - 30% - 13:36
4 - 12% - 9% - 5:28
Normal Defense
1 - 36% - 36% - 16:36
2 - 37% - 34% - 17:01
3 - 22% - 20% - 10:25
4 - 5% - 10% - 2:31
PP Forward
1 - 49% - 55% - 3:39
2 - 51% - 45% - 3:51
PP Defense
1 - 46% - 55% - 3:27
2 - 54% - 45% - 4:03
PK Forward
1 - 69% - 55% - 2:45
2 - 31% - 45% - 1:13
PK Defense
1 - 47% - 55% - 1:51
2 - 53% - 45% - 2:07
PK3 Forward
1 - 0% - 55%
2 - 0% - 45%
PK3 Defense
1 - 0% - 55%
2 - 0% - 45%
44 Forward
1 - 66% - 55% - 1:19
2 - 34% - 45% - 0:40
44 Defense
1 - 66% - 55% - 1:19
2 - 34% - 45% - 0:40
Last Minute Offensive  - 0:00
Last Minute Defensive  - 0:00
Total
Forward - 60:00
Defense - 60:00
% Time on Ice - NORTH DAKOTA HAWKS
Lines # - Real PCT - Wanted PCT - Time Play
Normal Forward
1 - 33% - 31% - 15:08
2 - 28% - 29% - 13:08
3 - 25% - 25% - 11:27
4 - 15% - 15% - 6:50
Normal Defense
1 - 38% - 38% - 17:54
2 - 33% - 32% - 15:29
3 - 14% - 15% - 6:42
4 - 14% - 15% - 6:28
PP Forward
1 - 49% - 60% - 1:56
2 - 51% - 40% - 2:02
PP Defense
1 - 49% - 60% - 1:56
2 - 51% - 40% - 2:02
PK Forward
1 - 69% - 60% - 4:48
2 - 31% - 40% - 2:08
PK Defense
1 - 52% - 60% - 3:35
2 - 48% - 40% - 3:21
PK3 Forward
1 - 66% - 60% - 1:18
2 - 34% - 40% - 0:41
PK3 Defense
1 - 38% - 60% - 0:45
2 - 62% - 40% - 1:14
44 Forward
1 - 100% - 55% - 0:34
2 - 0% - 45% - 0:00
44 Defense
1 - 100% - 55% - 0:34
2 - 0% - 45% - 0:00
Last Minute Offensive  - 0:00
Last Minute Defensive  - 0:00
Total
Forward - 60:00
Defense - 60:00
Play-by-Play 1st period 0:01 of 1st period - Aleksander Barkov wins face-off versus Jack Hughes in neutral zone. 1:09 of 1st period - Off-side. 1:10 of 1st period - Colton Sissons wins face-off versus Jake DeBrusk in neutral zone. 1:32 of 1st period - Icing by Mathew Dumba. 1:33 of 1st period - Jake DeBrusk wins face-off versus Max Domi in NORTH DAKOTA HAWKS zone. 2:00 of 1st period - Shot by Brock Nelson. 2:00 of 1st period - Shot Misses the Net. 2:52 of 1st period - Shot by David Kampf. 2:52 of 1st period - Shot Hit the Post. 2:54 of 1st period - Shot by Tomas Tatar. 2:54 of 1st period - Shot Blocked by Frederick Gaudreau. 2:56 of 1st period - Shot by David Kampf. 2:56 of 1st period - Shot Misses the Net. 2:58 of 1st period - Shot by Trevor van Riemsdyk. 2:58 of 1st period - Shot Blocked by Nick Blankenburg. 3:00 of 1st period - Shot by David Kampf. 3:00 of 1st period - Stopped by Linus Ullmark with a rebound. 3:02 of 1st period - Shot by Trevor van Riemsdyk. 3:02 of 1st period - Stopped by Linus Ullmark without a rebound. 3:03 of 1st period - Jack McBain wins face-off versus Connor Dewar in NORTH DAKOTA HAWKS zone. 4:18 of 1st period - Shot by Frederick Gaudreau. 4:18 of 1st period - Stopped by Alexandar Georgiev with a rebound. 4:26 of 1st period - Shot by Brock Nelson. 4:26 of 1st period - Stopped by Linus Ullmark without a rebound. 4:27 of 1st period - Colton Sissons wins face-off versus Jack Hughes in NORTH DAKOTA HAWKS zone. 4:36 of 1st period - Shot by Jordan Kyrou. 4:36 of 1st period - Shot Misses the Net. 4:54 of 1st period - Shot by Jason Robertson. 4:54 of 1st period - Stopped by Alexandar Georgiev with a rebound. 4:56 of 1st period - Shot by Jason Robertson. 4:56 of 1st period - Shot Misses the Net. 5:23 of 1st period - Shot by Reyley Smith. 5:23 of 1st period - Stopped by Alexandar Georgiev without a rebound. 5:24 of 1st period - Frederick Gaudreau wins face-off versus Aleksander Barkov in OAKLAND GORILLAS zone. 5:30 of 1st period - Shot by Frederick Gaudreau. 5:30 of 1st period - Stopped by Alexandar Georgiev with a rebound. 5:32 of 1st period - Shot by Connor Clifton. 5:32 of 1st period - Stopped by Alexandar Georgiev without a rebound. 5:33 of 1st period - Aleksander Barkov wins face-off versus Frederick Gaudreau in OAKLAND GORILLAS zone. 5:37 of 1st period - Aleksander Barkov is hit by Connor Clifton and loses puck. 5:42 of 1st period - Shot by Patrik Laine. 5:42 of 1st period - Deflect By Aleksander Barkov. 5:42 of 1st period - Shot Blocked by Nick Blankenburg. 6:25 of 1st period - Icing by Connor Clifton. 6:26 of 1st period - Max Domi wins face-off versus Frederick Gaudreau in NORTH DAKOTA HAWKS zone. 7:03 of 1st period - Shot by Ryan Hartman. 7:03 of 1st period - Stopped by Linus Ullmark with a rebound. 7:37 of 1st period - Shot by Reyley Smith. 7:37 of 1st period - Shot Misses the Net. 7:39 of 1st period - Shot by Nick Suzuki. 7:39 of 1st period - Stopped by Alexandar Georgiev without a rebound. 7:40 of 1st period - Aleksander Barkov wins face-off versus Jack Hughes in OAKLAND GORILLAS zone. 7:58 of 1st period - Patrik Laine is hit by Erik Johnson and loses puck. 8:27 of 1st period - Icing by Hampus Lindholm. 8:28 of 1st period - Aleksander Barkov wins face-off versus Connor Dewar in OAKLAND GORILLAS zone. 9:57 of 1st period - Shot by Jake DeBrusk. 9:57 of 1st period - Shot Misses the Net. 10:25 of 1st period - Minor Penalty to Ryan Hartman for Tripping. 10:26 of 1st period - Jack Hughes wins face-off versus Max Domi in OAKLAND GORILLAS zone. 10:45 of 1st period - Icing by Cale Makar. 10:46 of 1st period - Colton Sissons wins face-off versus Jack Hughes in NORTH DAKOTA HAWKS zone. 10:59 of 1st period - Icing by Cale Makar. 11:00 of 1st period - Jack Hughes wins face-off versus Colton Sissons in NORTH DAKOTA HAWKS zone. 11:19 of 1st period - Shot by Cale Makar. 11:19 of 1st period - Stopped by Alexandar Georgiev without a rebound. 11:20 of 1st period - David Kampf wins face-off versus Nick Suzuki in OAKLAND GORILLAS zone. 11:40 of 1st period - Icing by Nick Suzuki. 11:41 of 1st period - Colton Sissons wins face-off versus Nick Suzuki in NORTH DAKOTA HAWKS zone. 12:25 of 1st period - Off-side. 12:26 of 1st period - Jack Hughes wins face-off versus Aleksander Barkov in neutral zone. 12:31 of 1st period - Icing by Zachary Werenski. 12:32 of 1st period - Aleksander Barkov wins face-off versus Jack Hughes in OAKLAND GORILLAS zone. 12:47 of 1st period - Shot by Brock Boeser. 12:47 of 1st period - Stopped by Linus Ullmark without a rebound. 12:48 of 1st period - Max Domi wins face-off versus Connor Dewar in NORTH DAKOTA HAWKS zone. 13:01 of 1st period - Shot by Max Domi. 13:01 of 1st period - Stopped by Linus Ullmark without a rebound. 13:02 of 1st period - Nick Suzuki wins face-off versus Colton Sissons in NORTH DAKOTA HAWKS zone. 13:02 of 1st period - Nick Suzuki is hit by Colton Sissons. 13:10 of 1st period - Shot by Jake DeBrusk. 13:10 of 1st period - Stopped by Alexandar Georgiev without a rebound. 13:11 of 1st period - Max Domi wins face-off versus Nick Suzuki in OAKLAND GORILLAS zone. 13:32 of 1st period - Shot by Jake DeBrusk. 13:32 of 1st period - Stopped by Alexandar Georgiev with a rebound. 13:36 of 1st period - Shot by Nick Suzuki. 13:36 of 1st period - Shot Misses the Net. 13:38 of 1st period - Shot by Jake DeBrusk. 13:38 of 1st period - Shot Misses the Net. 13:58 of 1st period - Shot by Nick Suzuki. 13:58 of 1st period - Deflect By Jake DeBrusk. 13:58 of 1st period - Shot Misses the Net. 14:30 of 1st period - Shot by Jordan Kyrou. 14:30 of 1st period - Shot Hit the Post. 14:32 of 1st period - Shot by Jordan Kyrou. 14:32 of 1st period - Goal by Jordan Kyrou - OAKLAND GORILLAS : 0 - NORTH DAKOTA HAWKS : 1. 14:33 of 1st period - Aleksander Barkov wins face-off versus Frederick Gaudreau in neutral zone. 14:44 of 1st period - Shot by Aleksander Barkov. 14:44 of 1st period - Stopped by Linus Ullmark with a rebound. 14:51 of 1st period - Frederick Gaudreau is hit by Martin Fehervary and loses puck. 15:26 of 1st period - Shot by Jordan Kyrou. 15:26 of 1st period - Shot Blocked by Martin Fehervary. 15:42 of 1st period - Shot by Jordan Kyrou. 15:42 of 1st period - Shot Misses the Net. 16:01 of 1st period - Icing by Zachary Werenski. 16:02 of 1st period - Aleksander Barkov wins face-off versus Nick Suzuki in OAKLAND GORILLAS zone. 17:00 of 1st period - Icing by Trevor van Riemsdyk. 17:01 of 1st period - Max Domi wins face-off versus Jack Hughes in OAKLAND GORILLAS zone. 17:36 of 1st period - Shot by Jordan Kyrou. 17:36 of 1st period - Stopped by Alexandar Georgiev without a rebound. 17:37 of 1st period - Joel Farabee wins face-off versus Frederick Gaudreau in OAKLAND GORILLAS zone. 17:37 of 1st period - Joel Farabee is hit by Dillon Dube. 17:51 of 1st period - Shot by Joel Farabee. 17:51 of 1st period - Stopped by Linus Ullmark without a rebound. 17:52 of 1st period - Connor Dewar wins face-off versus David Kampf in NORTH DAKOTA HAWKS zone. 17:52 of 1st period - Connor Dewar is hit by Colton Sissons. 18:11 of 1st period - Colton Sissons is hit by Garnet Hathaway and loses puck. 18:28 of 1st period - Shot by Colton Sissons. 18:28 of 1st period - Stopped by Linus Ullmark without a rebound. 18:29 of 1st period - Max Domi wins face-off versus Frederick Gaudreau in NORTH DAKOTA HAWKS zone. 18:31 of 1st period - Brock Nelson is hit by Nick Blankenburg. 18:41 of 1st period - Jonas Siegenthaler is hit by Dillon Dube and loses puck. 19:47 of 1st period - Icing by Martin Fehervary. 19:48 of 1st period - Jack McBain wins face-off versus Jack Hughes in OAKLAND GORILLAS zone. Goals for this period are 0 for OAKLAND GORILLAS vs 1 for NORTH DAKOTA HAWKS. Shots for this period are 9 for OAKLAND GORILLAS vs 11 for NORTH DAKOTA HAWKS. 2nd period 0:01 of 2nd period - Colton Sissons wins face-off versus Jack Hughes in neutral zone. 0:12 of 2nd period - Shot by Jack Hughes. 0:12 of 2nd period - Shot Misses the Net. 0:14 of 2nd period - Shot by Ryan Lindgren. 0:14 of 2nd period - Shot Misses the Net. 0:54 of 2nd period - Colton Sissons is hit by Ryan Lindgren and loses puck. 1:14 of 2nd period - Off-side. 1:15 of 2nd period - Nick Suzuki wins face-off versus Aleksander Barkov in neutral zone. 1:18 of 2nd period - Shot by Nick Suzuki. 1:18 of 2nd period - Stopped by Alexandar Georgiev without a rebound. 1:19 of 2nd period - Aleksander Barkov wins face-off versus Nick Suzuki in OAKLAND GORILLAS zone. 1:34 of 2nd period - Shot by Brock Boeser. 1:34 of 2nd period - Shot Misses the Net. 1:37 of 2nd period - Icing by Mathew Dumba. 1:38 of 2nd period - Max Domi wins face-off versus Nick Suzuki in NORTH DAKOTA HAWKS zone. 1:53 of 2nd period - Ryan Hartman is hit by Erik Johnson and loses puck. 2:02 of 2nd period - Shot by Nick Suzuki. 2:02 of 2nd period - Shot Blocked by Martin Fehervary. 2:04 of 2nd period - Shot by Reyley Smith. 2:04 of 2nd period - Deflect By Nick Suzuki. 2:04 of 2nd period - Stopped by Alexandar Georgiev without a rebound. 2:05 of 2nd period - Aleksander Barkov wins face-off versus Frederick Gaudreau in OAKLAND GORILLAS zone. 2:05 of 2nd period - Aleksander Barkov is hit by Dillon Dube. 2:44 of 2nd period - Shot by Dillon Dube. 2:44 of 2nd period - Shot Misses the Net. 2:46 of 2nd period - Shot by Connor Clifton. 2:46 of 2nd period - Stopped by Alexandar Georgiev with a rebound. 3:45 of 2nd period - Double Minor Penalty to Ryan Lindgren for Slashing. 3:46 of 2nd period - Max Domi wins face-off versus Frederick Gaudreau in NORTH DAKOTA HAWKS zone. 4:24 of 2nd period - Minor Penalty to Cale Makar for High sticking. 4:25 of 2nd period - Aleksander Barkov wins face-off versus Frederick Gaudreau in NORTH DAKOTA HAWKS zone. 4:51 of 2nd period - Off-side. 4:52 of 2nd period - Patrik Laine wins face-off versus Frederick Gaudreau in neutral zone. 4:58 of 2nd period - Minor Penalty to Brock Boeser for Slashing. 4:59 of 2nd period - Aleksander Barkov wins face-off versus Frederick Gaudreau in OAKLAND GORILLAS zone. 5:32 of 2nd period - Shot by Aleksander Barkov. 5:32 of 2nd period - Stopped by Linus Ullmark without a rebound. 5:33 of 2nd period - Nick Suzuki wins face-off versus Brock Nelson in NORTH DAKOTA HAWKS zone. 5:50 of 2nd period - Shot by Ryan Hartman. 5:50 of 2nd period - Shot Blocked by Frederick Gaudreau. 5:52 of 2nd period - Shot by Trevor van Riemsdyk. 5:52 of 2nd period - Stopped by Linus Ullmark without a rebound. 5:53 of 2nd period - Aleksander Barkov wins face-off versus Nick Suzuki in NORTH DAKOTA HAWKS zone. 6:49 of 2nd period - Shot by Jason Robertson. 6:49 of 2nd period - Shot Misses the Net. 6:51 of 2nd period - Shot by Erik Johnson. 6:51 of 2nd period -